 Dungeon Crawl Stone Soup version 0.23.0-3-gf3c87f2 (webtiles) character file.

Game seed: 14200683922950263681

33 Kairos the Grasshopper (level 3, 0/18 HPs)
             Began as a Vine Stalker Warper on Feb 22, 2019.
             Succumbed to an adder's poison
             ... on level 2 of the Dungeon.
             The game lasted 00:01:06 (1254 turns).

Kairos the Grasshopper (Vine Stalker Warper)        Turns: 1254, Time: 00:01:07

Health: 0/18       AC:  6    Str: 14    XL:     3   Next: 29%
Magic:  7/7        EV:  9    Int: 13    God:
Gold:   35         SH:  0    Dex: 13    Spells: 5/7 levels left

rFire    . . .     SeeInvis .   a - +0 hand axe
rCold    . . .     Gourm    .   (no shield)
rNeg     . . .     Faith    .   h - +0 scale mail
rPois    .         Spirit   +   (no helmet)
rElec    .         Reflect  .   (no cloak)
rCorr    .         Harm     .   (no gloves)
MR       .....                  (no boots)
Stlth    ..........             (no amulet)
HPRegen  0.06/turn              (no ring)
MPRegen  0.10/turn              (no ring)

@: lethally poisoned (0 -> -8)
A: fangs 2, magic shield, antimagic bite, no potion heal 3, rot immunity
a: no special abilities


You were on level 2 of the Dungeon.
You were very hungry.

You visited 1 branch of the dungeon, and saw 2 of its levels.

You collected 35 gold pieces.

Inventory:

Hand Weapons
 a - a +0 hand axe (weapon)
Missiles
 e - 5 tomahawks of dispersal (quivered)
Armour
 b - a +0 leather armour
 h - a +0 scale mail (worn)
Scrolls
 c - 2 scrolls of remove curse {unknown}
 d - 2 scrolls of blinking
 k - a scroll of identify {unknown}
 l - a scroll of amnesia {unknown}
Potions
 g - a potion of magic {unknown}
 i - a potion of flight {unknown}
 j - 2 potions of might {unknown}
Comestibles
 f - 2 rations


   Skills:
 + Level 2.1 Fighting
 + Level 1.9 Axes
 + Level 1.0 Throwing
 + Level 1.4 Armour
 + Level 1.8 Dodging
 + Level 2.5 Spellcasting
 + Level 3.0 Translocations


You had 5 spell levels left.
You knew the following spells:

 Your Spells              Type           Power        Failure   Level  Hunger
a - Blink                 Tloc           N/A          41%         2    ###....

Your spell library contained the following spells:

 Spells                   Type           Power        Failure   Level  Hunger
 Shroud of Golubria       Chrm/Tloc      #.........   65%         2    ###....
 Gell's Gravitas          Tloc           #.........   65%         3    ###....
 Lesser Beckoning         Tloc           #.........   65%         3    ###....
 Teleport Other           Tloc           #.......     65%         3    ###....
 Passage of Golubria      Tloc           N/A          96%         4    #####..


Dungeon Overview and Level Annotations

Branches:
Dungeon (2/15)

Altars:


Innate Abilities, Weirdness & Mutations

You have extremely sharp teeth.
When hurt, damage is shared between your health and your magic reserves.
Your bite disrupts and absorbs the magic of your enemies.
Potions cannot restore your health.
You are immune to rotting.


Message History

You barely miss the adder. Your bite misses the adder.
The adder is heavily wounded.
You feel sick. The adder barely misses you.
The adder bites you but does no damage.
You closely miss the adder. Your bite misses the adder.
The adder is heavily wounded.
The adder bites you.
You are lethally poisoned!
The adder poisons you! The adder barely misses you.
You hit the adder.
You kill the adder!
* * * LOW HITPOINT WARNING * * *
You feel sick.
* * * LOW HITPOINT WARNING * * *
You feel sick.
* * * LOW HITPOINT WARNING * * *
You feel sick.
* * * LOW HITPOINT WARNING * * *
You feel sick.
You die...

####
#.. #.#
#@# #.#
#.# #.#
#.# #.#
#.#####
#.....#
#####.#


There were no monsters in sight!

Vanquished Creatures
  An adder (D:2)
  A dart slug (D:1)
  2 leopard geckos (D:2)
  A ball python (D:2)
  A giant cockroach (D:1)
  A goblin (D:2)
  3 hobgoblins
  4 bats (D:1)
  3 frilled lizards
  2 kobolds
  A rat (D:1)
20 creatures vanquished.

Notes
Turn   | Place    | Note
-------+----------+-------------------------------------------
     0 | D:1      | Kairos the Vine Stalker Warper began the quest for the Orb.
     0 | D:1      | Reached XP level 1. HP: 11/11 MP: 4/4
   167 | D:1      | Reached XP level 2. HP: 2/15 MP: 3/6
   561 | D:1      | Reached skill level 1 in Armour
   904 | D:1      | Learned a level 2 spell: Blink
   920 | D:2      | Reached skill level 1 in Throwing
  1198 | D:2      | Reached XP level 3. HP: 14/18 MP: 5/7
  1254 | D:2      | Succumbed to an adder's poison

Skill      XL: |  1  2 |
---------------+-------+-----
Armour         | 1 |  1.4
Throwing       | 1 |  1.0
Fighting       | 2 |  2.1
Axes           | |  1.9
Dodging        | |  1.8
Spellcasting   | |  2.5
Translocations | |  3.0

Action                   || total
-------------------------++-------
Melee: Hand axe          ||    75
       Bite              ||    15
Armor: Leather armour    ||    13
       Scale mail        ||    29
Dodge: Dodged            ||    64
